 Dungeon Crawl Stone Soup version 0.24.1-14-gf8d2b509d9 (webtiles) character file.

Game seed: 3869086987652055355, levelgen mode: deterministic

338760 turncount the Tortoise (level 20, -8/178 HPs)
             Began as a Deep Dwarf Fighter on July 14, 2020.
             Was the Champion of Makhleb.
             Mangled by a death cob (16 damage)
             ... on level 5 of the Realm of Zot.
             The game lasted 03:04:44 (7905 turns).

turncount the Tortoise (Deep Dwarf Fighter)         Turns: 7905, Time: 03:04:45

Health: -8/178     AC: 34    Str: 33    XL:     20   Next: 65%
Magic:  14/14      EV: 13    Int: 14    God:    Makhleb [******]
Gold:   1952       SH:  0    Dex: 10    Spells: 18/19 levels left

rFire    + + .     SeeInvis +   a - +1 broad axe (elec)
rCold    + . .     Gourm    .   u - +0 large shield
rNeg     + + +     Faith    .   q - +5 pearl dragon scales of Enaumeq {rPois rN+}
rPois    +         Spirit   .   h - +1 helmet
rElec    +         Reflect  .   i - +1 cloak of Dawn {rElec rF++ rC+ SInv}
rCorr    .         Harm     .   p - +0 pair of gloves
MR       +++..                  r - +1 pair of boots
Stlth    ..........             l - amulet of rage
HPRegen  0.00/turn              g - +5 ring of strength
MPRegen  0.14/turn              n - ring of Herennitz {+Fly rN++ EV+4 Str-2 Int+3}

@: mighty, marked, held, non-regenerating, hasted and slowed
A: damage resistance, heal wounds, clumsy 2, negative energy resistance 1, sense
surroundings 3, no regeneration
}: 3/15 runes: barnacled, silver, gossamer
a: Heal Wounds, Minor Destruction, Lesser Servant of Makhleb, Major Destruction,
Greater Servant of Makhleb, Renounce Religion, Evoke Berserk Rage, Evoke Flight


You were on level 5 of the Realm of Zot.
You worshipped Makhleb.
Makhleb was exalted by your worship.
You were not hungry.

You visited 8 branches of the dungeon, and saw 44 of its levels.
You also visited: Gauntlet.

You collected 2170 gold pieces.
You spent 218 gold pieces at shops.

Inventory:

Hand Weapons
 a - a +1 broad axe of electrocution (weapon)
 x - the +0 broad axe "Ulypp" {chop, +Fly Stlth+}
   (You acquired it on level 5 of the Depths)

   It inflicts extra damage upon your enemies.
   It lets you fly.
   It makes you more stealthy.
Missiles
 w - a large rock
 Z - a throwing net (quivered) {!f}
Armour
 h - a +1 helmet (worn)
 i - the +1 cloak of Dawn (worn) {rElec rF++ rC+ SInv}
   (You found it in a Gauntlet)

   It greatly protects you from fire.
   It protects you from cold.
   It insulates you from electricity.
   It lets you see invisible.
 k - a +2 shield of reflection
 p - a +0 pair of gloves (worn)
 q - the +5 pearl dragon scales of Enaumeq (worn) {rPois rN+}
   (You found it in a Gauntlet)

   It protects you from poison.
   It protects you from negative energy.
 r - a +1 pair of boots (worn)
 u - a +0 large shield (worn)
Jewellery
 g - a +5 ring of strength (left hand)
 l - an amulet of rage (around neck)
 n - the ring of Herennitz (right hand) {+Fly rN++ EV+4 Str-2 Int+3}
   (You found it in a Gauntlet)

   [ring of evasion]

   It affects your evasion (+4).
   It affects your strength (-2).
   It affects your intelligence (+3).
   It greatly protects you from negative energy.
   It lets you fly.
 v - the ring of Cyoclazeu {*Tele Int+6}
   (You found it on level 3 of the Shoals)

   [ring of teleportation]

   It may teleport you next to monsters.
   It affects your intelligence (+6).
 A - an uncursed ring of flight
 F - an uncursed ring of wizardry
Wands
 D - a wand of digging (15)
 P - a wand of paralysis (6)
Scrolls
 c - a scroll of noise
 j - 2 scrolls of vulnerability
 y - a scroll of fog
 B - a scroll of blinking {!r@r4}
 C - a scroll of immolation
 T - 3 scrolls of teleportation {@r3}
 W - 2 scrolls of remove curse {@r2}
Potions
 b - a potion of resistance {@q6}
 d - 3 potions of might {@q4}
 e - 2 potions of agility {@q5}
 m - 2 potions of lignification
 o - a potion of ambrosia
 s - a potion of brilliance
 t - 2 potions of berserk rage {!q}
 E - a potion of flight {unknown}
 Q - 5 potions of curing {@q1}
Miscellaneous
 U - a phial of floods
 X - a box of beasts
Comestibles
 z - a ration


   Skills:
 + Level 10.7 Fighting
 - Level 18.0 Axes
 * Level 19.3 Armour
 + Level 16.6 Dodging
 * Level 17.6 Shields
 - Level 8.2 Translocations
 - Level 15.0 Invocations
 - Level 7.0 Evocations


You had 18 spell levels left.
You knew the following spells:

 Your Spells              Type           Power        Failure   Level  Hunger
g - Apportation           Tloc           ###...       4%          1    ##.....

Your spell library contained the following spells:

 Spells                   Type           Power        Failure   Level  Hunger
 Animate Skeleton         Necr           N/A          77%         1    ##.....
 Confusing Touch          Hex            #.....       77%         1    ##.....
 Summon Small Mammal      Summ           #...         77%         1    ##.....


Dungeon Overview and Level Annotations

Branches:
Dungeon (15/15)            Temple (1/1) D:6            Lair (5/6) D:9
 Shoals (4/4) Lair:2       Spider (4/4) Lair:3       Vaults (5/5) D:13
 Depths (5/5) D:15            Zot (5/5) Depths:5    Gauntlet (visited)
  Slime: Lair:5-6       Orc: D:9-12       Crypt: Vaults:2-3

Altars:
Dithmenos
Elyvilon
Fedhas
Kikubaaqudgha
Makhleb
Nemelex Xobeh
Okawaru
Qazlal
Ru
Sif Muna
Vehumet
Wu Jian
Xom
The Shining One

Shops:
D:6 *   Vaults:1 ?   Vaults:5 (

Annotations:
Vaults:3 1 runed translucent door, Dacon's ghost, adept MiGl
Depths:1 exclusion: orange crystal statue


Innate Abilities, Weirdness & Mutations

You are resistant to damage.
You can heal yourself by infusing magical energy.
You resist negative energy. (rN+)
You passively map a large area around you.
You do not regenerate.
You are very clumsy. (Dex -4)


Message History

The death cob drops a net on you. A large net falls onto you!
You become entangled in the net!
You struggle against the net.
The death cob hits you but does no damage.
The death cob hits your cacodemon!!
The death cob drains your cacodemon's vigour!
Your cacodemon seems to slow down.
The Orb Guardian misses you. The Orb Guardian hits you.
* * * LOW HITPOINT WARNING * * *
The death cob hits your cacodemon!!
The death cob drains your cacodemon's vigour!
Your cacodemon seems to slow down.
The death cob barely misses you.
The Killer Klown blinks!
Your cacodemon misses the death cob.
Your cacodemon hits the death cob but does no damage.
The orb of fire glows yellow.
The bolt of fire hits you. You resist.
The Orb Guardian hits you but does no damage.
You struggle against the net.
The death cob hits you!!
You die...

.............d§§▓▓ * ,
......§.D..)§....▓ ▓▓▓▓ * *,
.......§§..§.§...▓ ▓....
.............§DdX▓▓..... **
............§dDpX▓......, , ,
......§§.....d.X*X.^...0 ,,
.......*..§(.XXX*▓.... *,
..§d.§d.....§.X**▓▓... ,
....D..d..d..dXX@▓ ▓., , , * ,
.........X....zzX# * * ** ,
,....§......2## ,, ,
....§.....▓## , .......▓▓▓▓
#▓▓▓▓▓▓▓▓▓▓▓# ▓
^...........### ##.
........##....## #... ,,
.........###...###########...#


You could see 4 orbs of fire, a Killer Klown, a shadow dragon, a yellow
draconian, a green draconian, 2 draconians, a red draconian, 2 death cobs, a
quicksilver dragon, 12 Orb Guardians and a friendly cacodemon.

Vanquished Creatures
  Mennas
  3 large abominations
  4 golden dragons
  2 liches Jorgrun
  4 tentacled monstrosities
  2 quicksilver dragons
  7 Orb Guardians
  A kraken
  A death cob
  A sphinx
  The ghost of lllmatko the Warrior, an adept MiBe of Trog
  8 storm dragons
  5 shadow dragons Donald
  10 fire giants
  A draconian monk
  An iron dragon
  4 ghost moths
  4 frost giants
  4 emperor scorpions
  An orc warlord
  7 vault wardens
  A draconian shifter
  5 ironheart preservers
  3 deep elf elementalists
  9 stone giants
  An entropy weaver
  10 very ugly things
  2 war gargoyles
  2 deep elf demonologists
  2 grey draconians
  2 yellow draconians
  A deep elf annihilator
  3 purple draconians
  6 spark wasps
  2 black draconians
  3 red draconians
  An ettin (shapeshifter)
  3 merfolk javelineers
  A deep elf death mage
  6 ettins
  4 deep elf high priests
  2 merfolk impalers
  2 rakshasas
  6 yaktaur captains
  8 fire dragons
  A great orb of eyes
  2 spriggan air magi
  5 hydras Fannar
  2 catoblepae
  29 vault guards
  4 ice dragons
  5 centaur warriors
  3 merfolk aquamancers
  2 death scarabs
  2 death knights
  An alligator snapping turtle
  4 death yaks
  A two-headed ogre (shapeshifter)
  5 ogre magi
  2 tengu warriors
  7 deep troll earth magi
  5 deep troll shamans
  19 two-headed ogres
  A satyr
  3 hell knights
  A spectral emperor scorpion
  A skeletal warrior
  4 deep elf knights
  An iron troll
  A small abomination
  4 sea snakes
  A death drake
  A flayed ghost
  20 deep trolls
  An unseen horror
  A wizard
  3 ironbrand convokers
  3 spectral wolf spiders
  A kraken simulacrum Pikel
  22 harpies
  5 orc knights
  A necromancer
  4 orb spiders
  An ugly thing
  5 manticores
  An orc sorcerer
  8 wolf spiders
  5 deep elf magi
  3 cyclopes
  A cyclops (shapeshifter)
  3 moths of wrath
  A salamander (shapeshifter)
  A faun (shapeshifter)
  A black mamba
  4 fauns
  3 centaur zombies
  3 vault sentinels
  4 elephants
  A gargoyle
  6 merfolk sirens
  A naga mage
  3 water nymphs
  3 torpor snails
  11 spiny frogs
  2 rime drakes
  2 komodo dragons
  22 yaktaurs
  3 demonic crawlers
  2 spectral redbacks
  4 freezing wraiths
  3 trolls
  17 merfolk
  4 tengu conjurers
  11 hornets
  7 jumping spiders
  3 spectral tarantellas
  4 wind drakes
  A wolf spider simulacrum
  2 slime creatures
  A frost giant simulacrum
  7 hippogriffs
  18 blink frogs
  4 spectral jumping spiders
  6 dream sheep
  6 snapping turtles
  3 jumping spider zombies
  3 tarantella zombies
  A shadow
  A centaur simulacrum
  15 redbacks
  A wraith
  12 yaks
  8 water elementals
  7 wyverns
  14 tarantellas
  A vampire
  A basilisk (shapeshifter)
  4 basilisks
  A steam dragon
  2 hungry ghosts
  A human
  A redback simulacrum
  4 wargs
  5 acid dragons
  2 soldier ants
  2 spectral hornets
  6 water moccasins
  5 porcupines
  2 eyes of draining
  15 orc warriors
  2 sky beasts
  2 black bears
  2 hornet zombies
  An ice beast
  14 centaurs
  11 ogres
  A necrophage
  9 wolves
  7 crocodiles
  2 big kobolds
  15 bullfrogs
  A wyvern skeleton
  4 scorpions
  A water moccasin zombie
  3 killer bees
  4 wights
  An electric eel
  2 howler monkeys
  3 crimson imps
  A bullfrog zombie
  A jelly
  6 orc priests
  3 centaur skeletons
  3 hounds
  A bullfrog skeleton
  An iguana
  4 worker ants
  10 orc wizards
  A worker ant zombie
  4 adders
  5 shadow imps
  An ooze
  2 dart slugs
  A leopard gecko
  32 orcs
  2 giant cockroaches
  A hobgoblin
  4 jackals
  11 kobolds
  A leopard gecko skeleton
  A leopard gecko zombie
  2 rats
  4 crawling corpses
  A fungus
  5 plants
  A tentacle
  A withered plant
849 creatures vanquished.

Vanquished Creatures (collateral kills)
  A lich
  2 tentacled monstrosities
  A storm dragon
  A fire giant
  A vault warden
  2 stone giants
  A spectral kraken
  A yaktaur captain
  6 death scarabs
  A two-headed ogre
  A spectral emperor scorpion
  An ironbrand convoker
  2 orb spiders
  2 moths of wrath
  A deep elf mage
  A cyclops
  A vault sentinel
  A water nymph
  A yaktaur
  A redback zombie
  A wind drake (shapeshifter)
  A spectral jumping spider
  A redback
  A tarantella
  An orc warrior
  An ogre
  A kobold
36 creatures vanquished.

Vanquished Creatures (others)
  A ghost moth
  A deep troll
  A shadow wraith
  A deep elf archer
  An orc knight
  A yaktaur
  2 hornets
  A redback
  An orc priest
  An adder
  3 orcs
  3 plants
  11 tentacles
28 creatures vanquished.

Grand Total: 913 creatures vanquished

Notes
Turn   | Place    | Note
-------+----------+-------------------------------------------
     0 | D:1      | turncount the Deep Dwarf Fighter began the quest for the
                  | Orb.
     0 | D:1      | Reached XP level 1. HP: 20/20 MP: 1/1
    29 | D:1      | Reached skill level 3 in Axes
    29 | D:1      | Reached XP level 2. HP: 18/27 MP: 2/2
   131 | D:4      | Noticed a slave
   132 | D:4      | Found a sacrificial altar of Ru.
   132 | D:4      | Noticed Pikel
   132 | D:4      | Noticed a slave
   132 | D:4      | Noticed a slave
   132 | D:4      | Noticed a slave
   160 | D:4      | Killed Pikel
   160 | D:4      | Reached skill level 8 in Axes
   160 | D:4      | Reached XP level 3. HP: 18/33 MP: 3/3
   160 | D:4      | Reached XP level 4. HP: 22/40 MP: 4/4
   160 | D:4      | Reached XP level 5. HP: 25/46 MP: 5/5
   160 | D:4      | Reached XP level 6. HP: 30/55 MP: 6/6
   224 | D:5      | Entered Level 5 of the Dungeon
   224 | D:5      | Found a shimmering altar of Xom.
   227 | D:5      | Found a sparkling altar of Nemelex Xobeh.
   229 | D:5      | Found an ancient bone altar of Kikubaaqudgha.
   251 | D:5      | Reached XP level 7. HP: 58/61 MP: 7/7
   304 | D:6      | Found a staircase to the Ecumenical Temple.
   305 | D:6      | Reached skill level 1 in Dodging
   307 | D:6      | Reached skill level 3 in Fighting
   307 | D:6      | Reached skill level 2 in Dodging
   317 | D:6      | Reached skill level 4 in Shields
   332 | Temple   | Entered the Ecumenical Temple
   396 | Temple   | Became a worshipper of Makhleb the Destroyer
   429 | D:6      | Found a radiant altar of Vehumet.
   431 | D:6      | Found a white marble altar of Elyvilon.
   438 | D:6      | Reached skill level 5 in Shields
   472 | D:6      | Found Teqap's Assorted Antiques.
   480 | D:6      | Bought a scroll labeled JUFATO JEGGA for 23 gold pieces
   486 | D:6      | Reached XP level 8. HP: 24/69 MP: 8/8
   512 | D:5      | Reached skill level 3 in Dodging
   542 | D:7      | Reached skill level 9 in Axes
   555 | D:7      | Reached skill level 4 in Dodging
   591 | D:8      | Noticed a five-headed hydra
   591 | D:8      | Noticed a manticore
   612 | D:8      | Reached skill level 4 in Fighting
   612 | D:8      | Reached skill level 10 in Axes
   614 | D:8      | Reached * piety under Makhleb
   617 | D:8      | Noticed a two-headed ogre
   625 | D:8      | Killed a two-headed ogre
   625 | D:8      | Reached skill level 11 in Axes
   625 | D:8      | Gained mutation: You passively map the area around you.
                  | [Deep Dwarf growth]
   625 | D:8      | Reached XP level 9. HP: 78/78 MP: 1/7
   699 | D:7      | Reached skill level 1 in Evocations
   701 | D:7      | Reached skill level 2 in Evocations
   800 | D:7      | Reached skill level 3 in Evocations
   830 | D:8      | Killed a manticore
   830 | D:8      | Reached skill level 6 in Evocations
   837 | D:8      | Killed a six-headed hydra
   837 | D:8      | Reached skill level 12 in Axes
   837 | D:8      | Reached skill level 5 in Dodging
   837 | D:8      | Reached XP level 10. HP: 48/87 MP: 9/12
   860 | D:8      | Reached ** piety under Makhleb
   950 | D:10     | Entered Level 10 of the Dungeon
   962 | D:10     | Reached skill level 5 in Fighting
   977 | D:9      | Found a staircase to the Lair.
  1006 | D:10     | Noticed a centaur warrior
  1009 | D:10     | Noticed a two-headed ogre
  1016 | D:10     | Killed a two-headed ogre
  1016 | D:10     | Reached skill level 13 in Axes
  1016 | D:10     | Reached skill level 6 in Dodging
  1034 | D:10     | Killed a centaur warrior
  1034 | D:10     | Reached skill level 6 in Fighting
  1117 | D:11     | Reached skill level 7 in Dodging
  1128 | D:11     | Noticed a death knight
  1144 | D:11     | Reached XP level 11. HP: 97/97 MP: 12/12
  1162 | D:11     | Killed a death knight
  1166 | D:11     | Noticed a skeletal warrior
  1172 | D:11     | HP: 16/97 [freezing wraith[a death knight] (21)]
  1201 | D:11     | Reached skill level 14 in Axes
  1240 | D:11     | Reached skill level 7 in Evocations
  1313 | D:11     | Noticed a two-headed ogre
  1323 | D:11     | Killed a two-headed ogre
  1328 | D:11     | Killed an unseen horror
  1336 | D:11     | Reached skill level 15 in Axes
  1340 | D:11     | Noticed a tengu warrior
  1346 | D:11     | Reached *** piety under Makhleb
  1403 | D:11     | Killed a tengu warrior
  1403 | D:11     | Reached skill level 3 in Invocations
  1412 | D:11     | Reached skill level 4 in Invocations
  1416 | D:11     | Killed a skeletal warrior
  1459 | D:12     | Noticed a four-headed hydra
  1480 | D:12     | Killed a one-headed hydra
  1550 | D:12     | Found a gate leading to a gauntlet.
  1558 | Gauntlet | Entered a Gauntlet
  1558 | Gauntlet | Found a transporter.
  1558 | Gauntlet | Found a transporter.
  1558 | Gauntlet | Found a transporter.
  1567 | Gauntlet | Found a transporter.
  1582 | Gauntlet | Reached skill level 16 in Axes
  1610 | Gauntlet | Found a transporter.
  1610 | Gauntlet | Noticed a death drake
  1623 | Gauntlet | HP: 18/92 [death drake (5)]
  1627 | Gauntlet | Killed a death drake
  1627 | Gauntlet | Reached XP level 12. HP: 48/105 MP: 10/10
  1650 | Gauntlet | Reached skill level 7 in Fighting
  1651 | Gauntlet | Found a transporter.
  1655 | Gauntlet | Got an encrusted cloak
  1660 | Gauntlet | Identified the +1 cloak of Dawn {rElec rF++ rC+ SInv} (You
                  | found it in a Gauntlet)
  1670 | Gauntlet | Noticed a death yak
  1670 | Gauntlet | Noticed a death yak
  1673 | Gauntlet | Noticed a death yak
  1673 | Gauntlet | Noticed a death yak
  1673 | Gauntlet | Found a transporter.
  1686 | Gauntlet | Killed a death yak
  1686 | Gauntlet | Killed a death yak
  1690 | Gauntlet | Killed a death yak
  1697 | Gauntlet | Killed a death yak
  1715 | Gauntlet | Got a shimmering jade ring
  1715 | Gauntlet | Identified the ring of Herennitz {+Fly rN++ EV+4 Str-2
                  | Int+3} (You found it in a Gauntlet)
  1724 | Gauntlet | Noticed a minotaur
  1724 | Gauntlet | Found a transporter.
  1738 | Gauntlet | Got shimmering pearl dragon scales
  1751 | D:12     | Identified the +5 pearl dragon scales of Enaumeq {rPois
                  | rN+} (You found it in a Gauntlet)
  1767 | D:13     | Reached **** piety under Makhleb
  1768 | D:13     | Reached skill level 4 in Armour
  1801 | D:12     | Noticed a centaur warrior
  1809 | D:12     | Killed a centaur warrior
  1809 | D:12     | Reached skill level 5 in Armour
  1859 | Lair:1   | Entered Level 1 of the Lair of Beasts
  1895 | Lair:1   | Reached skill level 17 in Axes
  1933 | Lair:2   | Reached skill level 6 in Armour
  2016 | Lair:3   | Reached skill level 7 in Armour
  2151 | Lair:4   | Reached skill level 8 in Armour
  2271 | Lair:2   | Reached XP level 13. HP: 115/115 MP: 9/9
  2325 | Lair:2   | Reached ***** piety under Makhleb
  2397 | Lair:3   | Found a hole to the Spider Nest.
  2405 | Lair:3   | Reached skill level 9 in Armour
  2417 | Spider:1 | Entered Level 1 of the Spider Nest
  2457 | Spider:2 | Noticed a spark wasp
  2479 | Spider:2 | Killed a spark wasp
  2557 | Spider:3 | Reached skill level 5 in Invocations
  2568 | Spider:3 | Reached skill level 6 in Invocations
  2697 | Spider:4 | Entered Level 4 of the Spider Nest
  2703 | Spider:4 | Reached skill level 7 in Invocations
  2766 | Spider:4 | Reached skill level 10 in Armour
  2786 | Spider:4 | Paralysed by a hornet for 2 turns
  2792 | Spider:4 | Reached skill level 8 in Invocations
  2816 | Spider:4 | Noticed a ghost moth
  2823 | Spider:4 | Reached skill level 9 in Invocations
  2836 | Spider:4 | Killed a ghost moth
  2889 | Spider:4 | Noticed an emperor scorpion
  2890 | Spider:4 | Reached skill level 10 in Invocations
  2906 | Spider:4 | Killed an emperor scorpion
  2915 | Spider:4 | Noticed an emperor scorpion
  2932 | Spider:4 | Killed an emperor scorpion
  2969 | Spider:4 | Reached skill level 18 in Axes
  2969 | Spider:4 | Reached skill level 11 in Invocations
  2969 | Spider:4 | Gained mutation: You resist negative energy. (rN+) [Deep
                  | Dwarf growth]
  2969 | Spider:4 | Reached XP level 14. HP: 123/123 MP: 13/13
  2977 | Spider:4 | Noticed an emperor scorpion
  2982 | Spider:4 | Noticed a ghost moth
  2994 | Spider:4 | Killed a ghost moth
  2994 | Spider:4 | Reached skill level 8 in Dodging
  2996 | Spider:4 | Noticed a ghost moth
  3005 | Spider:4 | Reached ****** piety under Makhleb
  3014 | Spider:4 | Killed a ghost moth
  3024 | Spider:4 | Killed an emperor scorpion
  3024 | Spider:4 | Reached skill level 12 in Invocations
  3028 | Spider:4 | Noticed an emperor scorpion
  3043 | Spider:4 | Noticed a ghost moth
  3063 | Spider:4 | Killed a ghost moth
  3063 | Spider:4 | Killed an emperor scorpion
  3067 | Spider:4 | Reached skill level 13 in Invocations
  3092 | Spider:4 | Reached skill level 14 in Invocations
  3122 | Spider:4 | Got a gossamer rune of Zot
  3238 | Spider:4 | Reached skill level 11 in Armour
  3577 | Lair:4   | Reached skill level 9 in Dodging
  3687 | Lair:3   | Noticed Fannar
  3697 | Lair:3   | Killed Fannar
  3798 | Lair:2   | Found a staircase to the Shoals.
  3830 | Shoals:1 | Entered Level 1 of the Shoals
  3848 | Shoals:1 | Reached XP level 15. HP: 132/132 MP: 16/16
  3860 | Shoals:1 | Reached skill level 15 in Invocations
  3903 | Shoals:2 | Reached skill level 12 in Armour
  3948 | Shoals:2 | Reached skill level 10 in Dodging
  4008 | Shoals:3 | Found a runed translucent gate.
  4008 | Shoals:3 | Noticed Donald
  4025 | Shoals:3 | Found a runed translucent gate.
  4025 | Shoals:3 | Noticed lllmatko's ghost (adept MiBe)
  4026 | Shoals:3 | Reached skill level 8 in Fighting
  4030 | Shoals:3 | Killed Donald
  4037 | Shoals:3 | Learned a level 1 spell: Apportation
  4052 | Shoals:3 | Found a runed translucent gate.
  4064 | Shoals:3 | Reached skill level 1 in Translocations
  4066 | Shoals:3 | Killed lllmatko's ghost
  4066 | Shoals:3 | Reached skill level 2 in Translocations
  4072 | Shoals:3 | Got a crude turquoise ring
  4093 | Shoals:3 | Reached skill level 3 in Translocations
  4100 | Shoals:4 | Entered Level 4 of the Shoals
  4128 | Shoals:4 | Reached skill level 4 in Translocations
  4191 | Shoals:4 | Reached skill level 5 in Translocations
  4255 | Shoals:4 | Reached skill level 6 in Translocations
  4320 | Shoals:4 | Reached skill level 7 in Translocations
  4340 | Shoals:4 | Reached skill level 8 in Translocations
  4472 | Shoals:4 | Noticed a kraken
  4543 | Shoals:4 | Killed a kraken
  4546 | Shoals:4 | Got a barnacled rune of Zot
  4576 | Shoals:3 | Reached skill level 11 in Dodging
  4619 | Shoals:3 | Reached skill level 13 in Armour
  4639 | Shoals:3 | Reached XP level 16. HP: 140/140 MP: 14/16
  4656 | Shoals:3 | Identified the ring of Cyoclazeu {*Tele Int+6} (You found
                  | it on level 3 of the Shoals)
  4896 | D:13     | Found a gate to the Vaults.
  4918 | D:13     | Reached skill level 6 in Shields
  4933 | Vaults:1 | Entered Level 1 of the Vaults
  4933 | Vaults:1 | Found Fiheh's Magic Scroll Shop.
  4949 | Vaults:1 | Reached skill level 12 in Dodging
  4951 | Vaults:1 | Bought a scroll of identify for 34 gold pieces
  4951 | Vaults:1 | Bought a scroll of identify for 34 gold pieces
  4951 | Vaults:1 | Bought a scroll of blinking for 127 gold pieces
  5101 | Vaults:2 | Reached skill level 14 in Armour
  5119 | Vaults:2 | Reached skill level 7 in Shields
  5258 | Vaults:3 | Found a runed translucent door.
  5258 | Vaults:3 | Noticed Dacon's ghost (adept MiGl)
  5288 | Vaults:3 | Reached skill level 13 in Dodging
  5355 | Vaults:4 | Identified a scroll of acquirement
  5518 | Vaults:4 | Noticed Mennas
  5562 | Vaults:4 | Killed Mennas
  5562 | Vaults:4 | Reached skill level 8 in Shields
  5601 | Vaults:5 | Entered Level 5 of the Vaults
  5605 | Vaults:5 | Noticed a storm dragon
  5614 | Vaults:5 | Reached skill level 9 in Shields
  5618 | Vaults:5 | Reached XP level 17. HP: 138/147 MP: 16/16
  5628 | Vaults:5 | Reached skill level 10 in Shields
  5643 | Vaults:5 | Reached skill level 11 in Shields
  5689 | Vaults:5 | Noticed a lich
  5701 | Vaults:5 | Reached skill level 12 in Shields
  5703 | Vaults:5 | Killed a lich
  5734 | Vaults:5 | Reached skill level 15 in Armour
  5791 | Vaults:5 | Reached skill level 14 in Dodging
  5795 | Vaults:5 | Found Xasuki's Antique Weapon Shoppe.
  5836 | Vaults:5 | Reached skill level 13 in Shields
  5864 | Vaults:5 | Noticed a lich
  5906 | Vaults:5 | Killed a lich
  5906 | Vaults:5 | Gained mutation: You passively map a large area around you.
                  | [Deep Dwarf growth]
  5906 | Vaults:5 | Reached XP level 18. HP: 156/156 MP: 16/16
  5935 | Vaults:5 | Reached skill level 16 in Armour
  5942 | Vaults:5 | Noticed a tentacled monstrosity
  5954 | Vaults:5 | Noticed a lich
  5956 | Vaults:5 | Identified the amulet of Ysusag {RegenMP rElec rC- Str+3
                  | Dex+3}
  5959 | Vaults:5 | Noticed a tentacled monstrosity
  5965 | Vaults:5 | Killed a tentacled monstrosity
  5977 | Vaults:5 | Killed a lich
  5988 | Vaults:5 | Killed a tentacled monstrosity
  5988 | Vaults:5 | Reached skill level 14 in Shields
  6005 | Vaults:5 | Noticed a golden dragon
  6054 | Vaults:5 | Reached skill level 15 in Dodging
  6086 | Vaults:5 | Killed a golden dragon
  6105 | Vaults:5 | Reached skill level 17 in Armour
  6203 | Vaults:5 | Noticed a tentacled monstrosity
  6215 | Vaults:5 | Killed a tentacled monstrosity
  6230 | Vaults:5 | Noticed an Ice Fiend
  6230 | Vaults:5 | Reached skill level 15 in Shields
  6237 | Vaults:5 | Noticed a Hell Sentinel
  6258 | Vaults:5 | Gained mutation: You are clumsy. (Dex -2) [a neqoxec]
  6259 | Vaults:5 | Noticed a Hell Sentinel
  6327 | Vaults:5 | Found the +27 Lear's hauberk
  6384 | Vaults:5 | Got a silver rune of Zot
  6489 | Vaults:2 | Reached XP level 19. HP: 115/163 MP: 14/14
  6551 | Vaults:2 | Reached skill level 9 in Fighting
  6683 | D:15     | Entered Level 15 of the Dungeon
  6698 | D:15     | Noticed Jorgrun
  6724 | D:15     | Killed Jorgrun
  6803 | D:15     | Found a staircase to the Depths.
  6837 | Depths:1 | Entered Level 1 of the Depths
  6916 | Depths:3 | HP: 33/165 [rakshasa/+0 trident (2)]
  7108 | Depths:4 | Reached skill level 18 in Armour
  7110 | Depths:4 | Reached skill level 16 in Shields
  7214 | Depths:4 | Reached skill level 16 in Dodging
  7238 | Depths:4 | You fall into a shaft and drop 1 floor!
  7238 | Depths:5 | Entered Level 5 of the Depths
  7278 | Depths:5 | Reached skill level 10 in Fighting
  7338 | Depths:5 | Reached XP level 20. HP: 176/176 MP: 15/15
  7369 | Depths:5 | Got a fine broad axe
  7370 | Depths:5 | Identified the +0 broad axe "Ulypp" {chop, +Fly Stlth+}
                  | (You acquired it on level 5 of the Depths)
  7456 | Depths:5 | Noticed a golden dragon
  7484 | Depths:5 | Killed a golden dragon
  7494 | Depths:5 | Found a gate to the Realm of Zot.
  7500 | Zot:1    | Entered Level 1 of the Realm of Zot
  7522 | Zot:1    | You fall into a shaft and drop 1 floor!
  7573 | Zot:4    | Noticed a golden dragon
  7588 | Zot:4    | Reached skill level 17 in Shields
  7597 | Zot:4    | Killed a golden dragon
  7602 | Zot:4    | Noticed a golden dragon
  7633 | Zot:4    | Killed a golden dragon
  7633 | Zot:4    | Reached skill level 19 in Armour
  7647 | Zot:4    | HP: 20/177 [black draconian/+0 dire flail (25)]
  7741 | Zot:5    | Entered Level 5 of the Realm of Zot
  7878 | Zot:5    | Noticed an ancient lich
  7884 | Zot:5    | Noticed an orb of fire
  7884 | Zot:5    | Noticed an orb of fire
  7884 | Zot:5    | Noticed an orb of fire
  7884 | Zot:5    | Noticed an orb of fire
  7884 | Zot:5    | Noticed an orb of fire
  7884 | Zot:5    | Noticed a Killer Klown
  7885 | Zot:5    | Gained mutation: You are very clumsy. (Dex -4) [an orb of
                  | fire]
  7895 | Zot:5    | HP: 24/178 [orb of fire/bolt of fire (19)]
  7899 | Zot:5    | Noticed an orb of fire
  7901 | Zot:5    | HP: 29/178 [Orb Guardian (6)]
  7902 | Zot:5    | HP: 11/178 [Orb Guardian (18)]
  7905 | Zot:5    | Mangled by a death cob

Levels and vault maps discovered:
D:1:      tarquinn_simple_flora_water_f, layout_rooms, serial_glass,
          glass_columns_c, glass_columns_a, minmay_strange_pillars,
          item_on_display_a, due_unseen_surprise
D:2:      layout_loops_cross, minmay_gold_behind_fungi
D:3:      layout_basic
D:4:      layout_basic, nicolae_overflow_hidden_temple, lemuel_crystal_altar,
          first_ration, uniq_pikel
D:5:      layout_basic, nicolae_gozag_cash_rules_everything_around_me,
          minitemple, serial_shops, shop
D:6:      layout_loops_ring, chequers_temple_overflow_statue_of_worship,
          minmay_temple_entry_butterflies, gammafunk_ghost_hive, serial_shops,
          nicolae_shop_crystal, shop, nicolae_shop_stone
D:7:      layout_rooms
D:8:      cheibrodos_fzero, layout_loops_corners, hangedman_pestilent_swarm
D:9:      minmay_goldmine, layout_basic, lair_entry_dummy, special_room
          [special_room_bee], skrybe_limestone_x
D:10:     lemuel_slime, layout_irregular_city, minmay_stone_trees_medium,
          minmay_fire_ice_demons
D:11:     layout_basic
D:12:     layout_loops_ring, kennysheep_orc_monster_closet_entryway,
          gammafunk_ghost_hive, serial_shops, kennysheep_mini,
          gauntlet_entry_generic
D:13:     layout_roguey, lightli_vaults_fourway_checkpoint, grunt_ministairs_6
D:14:     layout_loops_corners, serial_glass, glass_columns_c, glass_columns_a,
          glass_columns_a, glass_columns_b, glass_columns_a,
          minmay_strange_pillars, minmay_strange_pillars, uniq_kirke,
          uniq_louise
D:15:     grunt_enter_depths_magical_seal, layout_grid_maze,
          minmay_misc_feat_enclosed, portal_ice_cave_rime, minmay_microvault,
          uniq_jorgrun
Temple:   dpeg_chambers_temple
Lair:1:   layout_hall_layers, gammafunk_ghost_grave, uniq_erica
Lair:2:   layout_hall_layers, minmay_shoals_entry_centaurs
Lair:3:   layout_layer_cave, spider_nest_entry_webs, minivault_11, uniq_fannar
Lair:4:   layout_cave_pods, grunt_megastairs_1
Lair:5:   layout_regular_city, dpeg_slime_entry_enclosed_altar,
          grunt_megastairs_4, serial_bayou_shore_a
Shoals:1: layout_shoals
Shoals:2: layout_shoals, nicolae_shoals_drake_roost
Shoals:3: layout_shoals, ebering_ghost_davey_jones, uniq_donald
Shoals:4: shoals_end_hangedman, layout_shoals, argonaut_gorgonesque,
          uniq_polyphemus
Spider:1: layout_chambers, drop_trap, minmay_another_anthill
Spider:2: layout_spider_delve
Spider:3: layout_spider_delve, uniq_aizul, uniq_asterion, uniq_nikola
Spider:4: floodkiller_spider_rune_tomb, nicolae_orb_stairs
Vaults:1: gammafunk_vaults_ghost_grave, ontoclasm_vaults_loading_screen,
          layout_vaults_maze_snakey, serial_shops, shop
Vaults:2: nicolae_vaults_little_squares_4, nicolae_vaults_three_branches,
          minmay_guarded_unrand_guard_vaults, grunt_vaults_trifunnel,
          v_pattern_4, grunt_vaults_funnel, dpeg_vaults_monster_box,
          nicolae_vaults_specimen_jars, v_misc_3, vaults_room_door_ring,
          layout_vaults_omnigrid
Vaults:3: gammafunk_vaults_ghost_grave, v_misc_5, ontoclasm_vaults_twist,
          v_rooms_3, v_misc_12, nicolae_vaults_angled_halls,
          nicolae_vaults_stairing_the_circle,
          nicolae_vaults_windows_and_doors_thing,
          vaults_mumra_minichess_inversion, vaults_room_hangedman_quadrants,
          vaults_mumra_lcd, vaults_room_door_ring, ontoclasm_vaults_fault,
          nicolae_vaults_asterisk, nicolae_vaults_theta, layout_vaults_omnibox
Vaults:4: vaults_room_stairs_pillars, nicolae_vaults_circle_grid_b,
          nicolae_vaults_theta, v_misc_27, nicolae_vaults_little_squares_6,
          hangedman_vaults_cutoff, layout_vaults_omnicross,
          portal_desolation_entry_nicolae_slug, uniq_margery, uniq_mennas
Vaults:5
Depths:1: layout_big_octagon, enter_ziggurat_f, lightli_too_deep, minivault_22,
          dpeg_stationary_puzzle
Depths:2: minmay_the_grid_octo_tiled_octocenter_mashed
          [minmay_the_grid_octo_teeth, minmay_the_grid_octo_horde,
          minmay_the_grid_octo_clover_2, minmay_the_grid_octo_77,
          minmay_the_grid_octo_prize_ultimate_mussel_roller,
          minmay_the_grid_square_5x5_six_small,
          minmay_the_grid_square_5x5_fat_x, minmay_the_grid_square_5x5_inner_v,
          minmay_the_grid_square_5x5_checkered_statues], layout_honeycomb,
          hangedman_decor_riveting, hangedman_coc_ice_floe, abyss_entry,
          minmay_tree_intersection
Depths:3: minmay_slanted_spiral_squares, layout_cave_pools, serial_glass,
          glass_columns_b, glass_columns_b, chequers_serial_rivers_large_b,
          hell_entry, rand_demon_pan_entry_5, chequers_serial_rivers_marsh
Depths:4: minmay_cut_squares, layout_basic, hell_entry, abyss_entry,
          grunt_decor_mini_mirrors, hex_large
Depths:5: evilmike_zot_entry_gauntlet, layout_cave_pools,
          pf_hell_entry_tar_spiral, serial_sigils_hangedman_snap,
          serial_bayou_lagoon_a, uniq_enchantress
Zot:1:    layout_onion, st_stairs_3
Zot:2:    cheibrodos_zot_enchanting_chambers, layout_misc_corridors
Zot:3:    layout_twisted_circle
Zot:4:    nicolae_moth_party, layout_basic
Zot:5:    layout_basic

Skill      XL: |  1  2  3  4  5  6  7  8  9 10 11 12 13 14 15 16 17 18 19 20 |
---------------+-------------------------------------------------------------+-----
Axes           | 3 8 11 12 13 16 17 18 | 18.0
Dodging        | 2 4 5 7 9 11 13 14 15 16 | 16.6
Fighting       | 3 4 6 7 8 10 | 10.7
Shields        | 5 9 13 15 16 17 | 17.6
Evocations     | 6 7 |  7.0
Invocations    | 4 11 14 15 | 15.0
Armour         | 8 10 11 13 14 15 17 18 19 | 19.3
Translocations | 8 |  8.2

Action                   |  1- 3 |  4- 6 |  7- 9 | 10-12 | 13-15 | 16-18 | 19-21 || total
-------------------------+-------+-------+-------+-------+-------+-------+-------++-------
Melee: War axe           |    39 |     7 |    33 |       |       |       |       ||    79
       Hand axe          |       |       |   100 |   253 |       |       |       ||   353
       Battleaxe         |       |       |       |    29 |       |       |       ||    29
       Broad axe         |       |       |       |   168 |   710 |   792 |   743 ||  2413
Throw: Throwing net      |       |       |       |       |       |     1 |       ||     1
 Cast: Apportation       |       |       |       |       |     5 |    22 |       ||    27
Invok: Lesser Servant of |       |       |       |     1 |       |     2 |       ||     3
       Minor Destruction |       |       |       |       |     6 |       |       ||     6
       Greater Servant o |       |       |       |       |     2 |     9 |     2 ||    13
 Abil: Heal Wounds       |     2 |     2 |     5 |    40 |     8 |    18 |     6 ||    81
       Evoke Berserk Rag |       |       |     1 |     5 |     1 |     2 |     3 ||    12
       Evoke Flight      |       |       |       |       |    11 |     1 |     1 ||    13
       Stop Flying       |       |       |       |       |       |     1 |       ||     1
Evoke: Wand              |       |       |     6 |    15 |    46 |     2 |     6 ||    75
       Phial of floods   |       |       |       |       |     1 |     2 |       ||     3
  Use: Scroll            |     1 |     5 |     4 |    11 |     6 |     9 |     9 ||    45
       Potion            |       |       |       |     4 |     1 |    12 |     6 ||    23
 Stab: Invisible         |       |       |       |     5 |       |       |       ||     5
       Distracted        |       |       |       |     1 |     2 |     1 |     2 ||     6
       Petrified         |       |       |       |       |     6 |       |       ||     6
       Paralysed         |       |       |       |       |     3 |     9 |     4 ||    16
       Petrifying        |       |       |       |       |     1 |       |       ||     1
  Eat: Ration            |       |       |     1 |     1 |     1 |     2 |     2 ||     7
       Chunk             |       |       |     2 |     6 |     7 |     4 |     5 ||    24
Armor: Scale mail        |    10 |     3 |    72 |   127 |       |       |       ||   212
       Pearl dragon scal |       |       |       |    51 |   618 |   393 |   411 ||  1473
Dodge: Dodged            |    10 |     4 |    78 |   289 |   882 |   693 |   633 ||  2589
Block: Shield            |    16 |     4 |   120 |   291 |   747 |   307 |       ||  1485
       Reflection        |       |       |       |       |     7 |    14 |       ||    21
       Large shield      |       |       |       |       |       |   648 |  1065 ||  1713
